 Dungeon Crawl Stone Soup version 0.27.1-3-gb3d3a73c9e (webtiles) character file.

Game seed: 13148158328596589097

2989 Urokeeper the Fighter (level 9, -6/74 HPs)
             Began as a Gnoll Wanderer on Oct 7, 2021.
             Was a Follower of Okawaru.
             Mangled by a sixfirhy (11 damage)
             ... summoned by a kobold demonologist
             ... on level 9 of the Dungeon.
             The game lasted 00:19:22 (6954 turns).

Urokeeper the Fighter (Gnoll Wanderer)              Turns: 6954, Time: 00:19:24

Health: -6/74      AC: 18    Str: 17    XL:     9   Next: 83%
Magic:  17/17      EV: 17    Int:  9    God:    Okawaru [*.....]
Gold:   221        SH:  6    Dex: 18    Spells: 18/19 levels left

rFire    + + .     SeeInvis .   A - +5 broad axe of a Million Artisans {protect, rPois rC+ rN+ Int-4}
rCold    + . .     Faith    .   l - +0 buckler
rNeg     + . .     Spirit   .   n - +1 ring mail of Unambiguity {Regen+}
rPois    +         Reflect  .   (no helmet)
rElec    .         Harm     .   I - +0 cloak
rCorr    .         Rampage  .   z - +0 pair of gloves
Will     .....                  v - +1 pair of boots
Stlth    +++.......             j - amulet of regeneration
HPRegen  2.22/turn              o - +6 ring of dexterity
MPRegen  0.15/turn              e - ring of Oluryh {rF++ EV+4 Str+4}

@: under a protective aura
A: fangs 1, strong nose, distributed training
a: Renounce Religion, Heroism


You were on level 9 of the Dungeon.
You worshipped Okawaru.
Okawaru was aware of your devotion.
You visited 2 branches of the dungeon, and saw 10 of its levels.
You also visited: Ossuary.

You collected 455 gold pieces.
You spent 234 gold pieces at shops.

Inventory:

Hand Weapons
 a - a +2 dagger
 A - the +5 broad axe of a Million Artisans (weapon) {protect, rPois rC+ rN+ Int-4}
   (You bought it in a shop on level 5 of the Dungeon)

   It grants its wielder temporary protection when it strikes (+7 to AC).
   Int:       It affects your intelligence (-4).
   rC:        It protects you from cold.
   rPois:     It protects you from poison.
   rN:        It protects you from negative energy.
Missiles
 i - 46 poisoned darts
 t - 9 curare-tipped darts (quivered)
 O - 5 atropa-tipped darts
Armour
 d - a +0 robe
 g - a +0 pair of boots
 h - a +0 ring mail
 l - a +0 buckler (worn)
 n - the +1 ring mail of Unambiguity (worn) {Regen+}
   (You found it on level 6 of the Dungeon)

   Regen:     It increases your rate of health regeneration.
 q - a +0 chain mail
 v - a +1 pair of boots (worn)
 z - a +0 pair of gloves (worn)
 I - a +0 cloak (worn)
Jewellery
 c - a ring of protection from cold
 e - the ring of Oluryh (right hand) {rF++ EV+4 Str+4}
   (You acquired it on level 6 of the Dungeon)

   [ring of evasion]

   EV:        It affects your evasion (+4).
   Str:       It affects your strength (+4).
   rF:        It greatly protects you from fire.
 j - an amulet of regeneration (around neck)
 o - a +6 ring of dexterity (left hand)
 y - a ring of see invisible
 M - an amulet of reflection
Wands
 x - a wand of digging (13)
 K - a wand of iceblast (10)
 R - a wand of paralysis (9)
Scrolls
 b - 4 scrolls of fear
 f - a scroll of teleportation
 k - 2 scrolls of enchant weapon {unknown}
 m - 8 scrolls of amnesia {unknown}
 s - a scroll of enchant armour
 u - a scroll of vulnerability
 D - a scroll of fog {unknown}
 G - 3 scrolls of torment {unknown}
 H - 2 scrolls of holy word {unknown}
 J - a scroll of immolation {unknown}
 L - 4 scrolls of identify
 N - a scroll of summoning {unknown}
 P - a scroll of noise {unknown}
 Q - a scroll of magic mapping {unknown}
Potions
 p - a potion of invisibility {unknown}
 r - 3 potions of haste {unknown}
 w - a potion of heal wounds
 B - a potion of attraction {unknown}
 C - 2 potions of might {unknown}
 E - 2 potions of magic {unknown}
 F - 2 potions of lignification {unknown}


   Skills:
 + Level 8.1 Fighting
 + Level 4.6 Short Blades
 + Level 4.6 Long Blades
 + Level 4.6 Axes
 + Level 4.6 Maces & Flails
 + Level 4.6 Polearms
 + Level 4.6 Staves
 + Level 4.6 Slings
 + Level 4.6 Bows
 + Level 4.6 Crossbows
 + Level 4.6 Throwing
 + Level 4.6 Armour
 + Level 4.6 Dodging
 + Level 6.3 Stealth
 + Level 4.6 Shields
 + Level 4.6 Unarmed Combat
 + Level 5.5 Spellcasting
 + Level 4.4 Conjurations
 + Level 3.8 Hexes
 + Level 3.8 Summonings
 + Level 3.8 Necromancy
 + Level 3.8 Translocations
 + Level 3.8 Transmutations
 + Level 3.8 Fire Magic
 + Level 3.8 Ice Magic
 + Level 3.8 Air Magic
 + Level 6.7 Earth Magic
 + Level 3.8 Poison Magic
 + Level 5.1 Invocations
 + Level 4.6 Evocations


You had 18 spell levels left.
You knew the following spells:

 Your Spells              Type           Power      Damage    Failure   Level
a - Sting                 Tmut/Pois      36%        1d4       9%          1

Your spell library contained the following spells:

 Spells                   Type           Power      Damage    Failure   Level
 Dazzling Flash           Conj/Hex       18%        N/A       22%         3
 Mephitic Cloud           Conj/Pois/Air  9%         N/A       24%         3
 Ignite Poison            Fire/Tmut/Pois 9%         N/A       26%         3
 Bolt of Magma            Conj/Fire/Erth 5%         4d5       82%         5
 Iskenderun's Battlesphe  Conj           10%        2d6       88%         5
 Agony                    Necr           9%         N/A       93%         5
 Silence                  Hex/Air        4%         N/A       93%         5
 Iron Shot                Conj/Erth      6%         9d2       99%         6
 Spellforged Servitor     Conj/Summ      4%         N/A       100%        7


Dungeon Overview and Level Annotations

Branches:
Dungeon (9/15)             Temple (1/1) D:7         Ossuary (visited)
   Lair: D:8-11         Orc: D:9-12

Altars:
Cheibriados
Dithmenos
Elyvilon
Gozag
Hepliaklqana
Kikubaaqudgha
Makhleb
Nemelex Xobeh
Okawaru
Qazlal
Ru
Trog
Uskayaw
Vehumet
Wu Jian
Yredelemnul
The Shining One

Shops:
D:5 (

Annotations:
D:7 2 transporters, worthlessgem's ghost, novice DjFE


Innate Abilities, Weirdness & Mutations

You have very sharp teeth.
Your uncanny sense of smell can sniff out nearby items.
Your experience applies equally to all skills.


Message History

The smoke demon disappears in a puff of smoke!
The kobold brigand misses you.
The kobold demonologist gestures wildly while chanting.
The kobold brigand closely misses you.
You closely miss the kobold brigand.
The kobold brigand is heavily wounded.
You completely miss the kobold demonologist.
The kobold demonologist misses you.
The shadow imp grins evilly.
You closely miss the kobold demonologist.
The kobold demonologist gestures wildly while chanting.
You miss the sixfirhy.
You closely miss the kobold demonologist.
The sixfirhy hits you! The sixfirhy shocks you!
You block the kobold demonologist's attack.
The sixfirhy hits you! The sixfirhy shocks you! The sixfirhy misses you.
The kobold demonologist gestures wildly while chanting.
You are too injured to fight recklessly!
You are too injured to fight recklessly!
Unknown command.
Throw: 10 darts (curare)
Press: ? - help, Q - select action, (/) - cycle Shift-Dir - straight line, f - kobold demonologist
Aim: a kobold demonologist, wielding a +0 dagger and wearing a +0 robe (58% to hit)
You throw a curare-tipped dart.
The curare-tipped dart hits the kobold demonologist.
The kobold demonologist is poisoned.
The kobold demonologist convulses.
The kobold demonologist seems to slow down.
The kobold demonologist is lightly wounded.
The sixfirhy hits you. The sixfirhy shocks you! The sixfirhy hits you!
* * * LOW HITPOINT WARNING * * *
The sixfirhy shocks you!
* * * LOW HITPOINT WARNING * * *
You block the sixfirhy's attack.
You hit the kobold demonologist but do no damage.
Your weapon exudes an aura of protection.
The kobold demonologist is lightly wounded.
You hit the sixfirhy. The sixfirhy closely misses you. The sixfirhy hits you!
* * * LOW HITPOINT WARNING * * *
The sixfirhy shocks you!
You die...

... .. #. #.### ....
#..# ######..# ###
.......<########5....
............3@KKK....
.##############45.###
5.# .# .. ##


You could see a rust devil (summoned), a kobold demonologist (very poisoned,
slow), a sixfirhy (summoned), a kobold brigand, an iron imp (summoned), a white
imp (summoned), a shadow imp (summoned) and a kobold.

Vanquished Creatures
  Pikel (D:5)
  A hornet (D:8)
  Eustachio (D:6)
  A steam dragon (D:8)
  An ice beast (D:6)
  A black bear (D:6)
  A necrophage (D:4)
  A phantom (D:6)
  A centaur (D:8)
  A gnoll sergeant (D:6)
  An elf zombie (Ossuary)
  Blork the orc (D:5)
  4 scorpions
  A bullfrog (D:7)
  6 killer bees (D:9)
  4 wights (D:7)
  A howler monkey (D:8)
  A human zombie (Ossuary)
  2 jellies
  2 orc priests (D:7)
  A bullfrog skeleton (D:5)
  A gnoll shaman (D:8)
  4 orc wizards
  4 iguanas
  2 mummies (Ossuary)
  9 gnolls
  An adder (D:2)
  A shadow imp (D:7)
  A white imp (D:8)
  An ufetubus (D:6)
  2 adder zombies (Ossuary)
  A worm (D:4)
  A dart slug (D:3)
  22 orcs
  9 ball pythons
  5 bats
  6 endoplasms
  5 giant cockroaches
  9 goblins
  8 hobgoblins
  4 jackals
  7 kobolds
  3 quokkas
  5 frilled lizards
  2 goblin zombies (Ossuary)
  12 hobgoblin zombies (Ossuary)
  8 kobold zombies (Ossuary)
  8 orc zombies (Ossuary)
  5 rats
  2 rat zombies (Ossuary)
182 creatures vanquished.

Vanquished Creatures (others)
  4 plants
4 creatures vanquished.

Grand Total: 186 creatures vanquished

Notes
Turn   | Place    | Note
-------+----------+-------------------------------------------
     0 | D:1      | Urokeeper the Gnoll Wanderer began the quest for the Orb.
     0 | D:1      | Urokeeper set off with the following items: a +2 dagger, a
                  | scroll of fear, a +0 spear, a +0 robe; and the following
                  | spell memorised: Sting; and the following spells available
                  | to memorise: Ignite Poison
     0 | D:1      | Reached XP level 1. HP: 23/23 MP: 4/4
   143 | D:1      | Reached XP level 2. HP: 26/29 MP: 5/5
   280 | D:1      | Found a faded altar of an unknown god.
   900 | D:1      | Reached XP level 3. HP: 35/35 MP: 7/7
  1612 | D:2      | Reached skill level 1 in Invocations
  1731 | D:2      | Reached skill level 1 in Short Blades
  1731 | D:2      | Reached skill level 1 in Long Blades
  1731 | D:2      | Reached skill level 1 in Axes
  1731 | D:2      | Reached skill level 1 in Maces & Flails
  1731 | D:2      | Reached skill level 1 in Polearms
  1731 | D:2      | Reached skill level 1 in Staves
  1731 | D:2      | Reached skill level 1 in Slings
  1731 | D:2      | Reached skill level 1 in Bows
  1731 | D:2      | Reached skill level 1 in Crossbows
  1731 | D:2      | Reached skill level 1 in Throwing
  1731 | D:2      | Reached skill level 1 in Armour
  1731 | D:2      | Reached skill level 1 in Dodging
  1731 | D:2      | Reached skill level 1 in Shields
  1731 | D:2      | Reached skill level 1 in Unarmed Combat
  1731 | D:2      | Reached skill level 1 in Evocations
  1963 | D:2      | Reached XP level 4. HP: 41/41 MP: 8/8
  3120 | D:4      | Reached skill level 1 in Hexes
  3120 | D:4      | Reached skill level 1 in Summonings
  3120 | D:4      | Reached skill level 1 in Necromancy
  3120 | D:4      | Reached skill level 1 in Translocations
  3120 | D:4      | Reached skill level 1 in Transmutations
  3120 | D:4      | Reached skill level 1 in Fire Magic
  3120 | D:4      | Reached skill level 1 in Ice Magic
  3120 | D:4      | Reached skill level 1 in Air Magic
  3120 | D:4      | Reached skill level 1 in Poison Magic
  3200 | D:4      | Noticed a necrophage
  3226 | D:4      | Killed a necrophage
  3227 | D:4      | Reached XP level 5. HP: 45/47 MP: 9/9
  3280 | D:4      | Reached XP level 6. HP: 14/53 MP: 9/11
  3729 | D:5      | Entered Level 5 of the Dungeon
  3885 | D:5      | Reached XP level 7. HP: 59/59 MP: 12/12
  4017 | D:5      | Reached skill level 7 in Fighting
  4109 | D:5      | Found a white marble altar of Elyvilon.
  4150 | D:5      | Found Lenamiuk's Antique Weapon Shop.
  4158 | D:5      | Bought a twisted broad axe for 234 gold pieces
  4158 | D:5      | Identified the +5 broad axe of a Million Artisans {protect,
                  | rPois rC+ rN+ Int-4} (You bought it in a shop on level 5 of
                  | the Dungeon)
  4233 | D:5      | Found a snail-covered altar of Cheibriados.
  4233 | D:5      | Found a burning altar of Makhleb.
  4419 | D:5      | Noticed Pikel
  4438 | D:5      | Killed Pikel
  4439 | D:5      | Reached skill level 5 in Stealth
  4439 | D:5      | Reached XP level 8. HP: 50/67 MP: 12/14
  4454 | D:5      | Noticed Blork the orc
  4461 | D:5      | Killed Blork the orc
  4733 | D:6      | Noticed Eustachio
  4745 | D:6      | Killed Eustachio
  4756 | D:6      | Found a sand-covered staircase.
  4768 | Ossuary  | Entered an ossuary
  5083 | D:6      | Noticed a two-headed ogre
  5127 | D:6      | Identified a scroll of acquirement
  5131 | D:6      | Acquired the ring of Oluryh {rF++ EV+4 Str+4}
  5189 | D:6      | Reached XP level 9. HP: 65/72 MP: 16/16
  5304 | D:6      | Identified the +1 ring mail of Unambiguity {Regen+}
  5411 | D:7      | Found a staircase to the Ecumenical Temple.
  5477 | Temple   | Entered the Ecumenical Temple
  5542 | Temple   | Became a worshipper of Warmaster Okawaru
  5719 | D:7      | Found a transporter.
  5731 | D:7      | Noticed worthlessgem's ghost (novice DjFE)
  5732 | D:7      | Found a transporter.
  5766 | D:7      | Reached skill level 5 in Spellcasting
  6432 | D:8      | Noticed a hornet
  6439 | D:8      | Killed a hornet
  6514 | D:8      | Reached skill level 8 in Fighting
  6515 | D:8      | Found a sparkling altar of Nemelex Xobeh.
  6590 | D:8      | Reached * piety under Okawaru
  6874 | D:8      | Noticed a kobold demonologist
  6875 | D:8      | Noticed a kobold demonologist
  6876 | D:8      | Noticed a kobold demonologist
  6879 | D:8      | Noticed a rust devil
  6885 | D:8      | Noticed a red devil
  6888 | D:8      | Noticed an orange demon
  6902 | D:9      | Noticed a kobold demonologist
  6907 | D:9      | Reached skill level 5 in Invocations
  6919 | D:9      | Noticed a hellwing
  6922 | D:9      | Noticed a soul eater
  6928 | D:9      | Noticed a sixfirhy
  6932 | D:9      | Noticed a soul eater
  6937 | D:9      | Noticed a smoke demon
  6944 | D:9      | Noticed a rust devil
  6952 | D:9      | Noticed a sixfirhy
  6954 | D:9      | Mangled by a sixfirhy

Illustrated notes

Levels and vault maps discovered:
D:1:      dpeg_arrival_simpleton_a, layout_basic,
          shapermc_ecumenical_altar_starsandcircs, chequers_arboretum,
          nrook_mini_vaults
D:2:      layout_basic
D:3:      layout_basic, kennysheep_generic_room_11
D:4:      layout_rooms
D:5:      layout_cave_pods, nicolae_elyvilon_temple_path,
          gammafunk_temple_overflow_wave, serial_shops, nicolae_stop_n_shop_1,
          uniq_blork_the_orc, uniq_pikel
D:6:      layout_rooms, chequers_ossuary_entry_cave, abandoned_shop,
          uniq_eustachio
D:7:      layout_layer_cave, minmay_temple_entry_overgrown,
          gammafunk_ghost_arena, minmay_misc_feat_alley, minmay_statues_item
D:8:      layout_rooms, mainiacjoe_overflow_six_doors_small, marbit_many_paths,
          minmay_misc_feat_rows
D:9:      layout_long_grid, lair_entry_dummy, hangedman_abyss_or_decor_passed,
          minmay_lizard_king
Temple:   eino_temple_rhombus

Skill      XL: |  1  2  3  4  5  6  7  8  9 |
---------------+----------------------------+-----
Conjurations   | 2 3 4 |  4.4
Invocations    | 1 2 3 4 5 |  5.1
Short Blades   | 1 2 3 4 |  4.6
Long Blades    | 1 2 3 4 |  4.6
Axes           | 1 2 3 4 |  4.6
Maces & Flails | 1 2 3 4 |  4.6
Polearms       | 1 2 3 4 |  4.6
Staves         | 1 2 3 4 |  4.6
Slings         | 1 2 3 4 |  4.6
Bows           | 1 2 3 4 |  4.6
Crossbows      | 1 2 3 4 |  4.6
Throwing       | 1 2 3 4 |  4.6
Armour         | 1 2 3 4 |  4.6
Dodging        | 1 2 3 4 |  4.6
Shields        | 1 2 3 4 |  4.6
Unarmed Combat | 1 2 3 4 |  4.6
Evocations     | 1 2 3 4 |  4.6
Spellcasting   | 3 4 5 |  5.5
Hexes          | 1 2 3 |  3.8
Summonings     | 1 2 3 |  3.8
Necromancy     | 1 2 3 |  3.8
Translocations | 1 2 3 |  3.8
Transmutations | 1 2 3 |  3.8
Fire Magic     | 1 2 3 |  3.8
Ice Magic      | 1 2 3 |  3.8
Air Magic      | 1 2 3 |  3.8
Poison Magic   | 1 2 3 |  3.8
Fighting       | 7 8 |  8.1
Stealth        | 5 6 |  6.3
Earth Magic    | 6 |  6.7

Action                   |  1- 3 |  4- 6 |  7- 9 || total
-------------------------+-------+-------+-------++-------
Melee: Dagger            |    24 |       |       ||    24
       Spear             |   149 |    23 |       ||   172
       Bite              |     5 |    20 |    43 ||    68
       Trident           |       |   156 |    15 ||   171
       Punch             |       |     1 |     2 ||     3
       Broad axe         |       |       |   323 ||   323
Throw: Dart              |       |       |     2 ||     2
  Use: Scroll            |       |       |     8 ||     8
 Stab: Sleeping          |    10 |     4 |     1 ||    15
Armor: Robe              |     8 |       |       ||     8
       Ring mail         |    66 |    38 |    69 ||   173
       Chain mail        |       |    38 |   134 ||   172
Dodge: Dodged            |    99 |    70 |   234 ||   403
Block: Buckler           |       |       |    59 ||    59
